AoeStats
← SoiledFool

Arabia

505750002Analyzed
1v1 RM · 22d ago on Sep 10, 2026· 22m 14s· 2 players
Game mode
Random Map
Map size
Tiny (2 player)
Population
200
Speed
Normal
Resources
Standard
Victory
Conquest
Starting age
Dark Age
Ending age
Imperial Age
RankedLock teamsTeams togetherTeam positionsShared explorationLock speedFull tech treeHidden civsTurbo modeCheats
Victory
Defeat
🇪🇸 Japanese · Spain
1268
+16
🇬🇧 Magyars · United Kingdom
1258
-16
SoiledFool
6:52 Loom
9:20 Feudal Age
9:26 Man-at-Arms
9:56 Double-Bit Axe
14:36 Arson
21:41 Castle Age
21:32 Scale Barding Armor
21:32 Fletching
kikemzhz
10:31 Feudal Age
10:46 Loom
15:23 Castle Age
Connection lost

Rejoining the realm…

Still unreachable

The connection could not be restored.

Session expired

The server has moved on; the page needs a fresh start.